 Dungeon Crawl Stone Soup version 0.29-a0-870-g2c972031a6 (webtiles) character file.

Game seed: 10309188677310470993

21 RevDB the Gusty (level 2, 15/15 HPs)
             Began as a Tengu Air Elementalist on July 16, 2022.
             Quit the game on level 1 of the Dungeon on July 17, 2022.
             The game lasted 00:07:30 (576 turns).

RevDB the Gusty (Tengu Air Elementalist)             Turns: 576, Time: 00:07:31

Health: 15/15      AC:  2    Str:  8    XL:     2   Next: 83%
Magic:  6/6        EV: 12    Int: 15    God:
Gold:   43         SH:  0    Dex: 14    Spells: 2/5 levels left

rFire   . . .      SeeInvis .   c - +0 dagger
rCold   . . .      Faith    .   (no shield)
rNeg    . . .      Spirit   .   a - +0 robe
rPois   .          Reflect  .   (helmet restricted)
rElec   .          Harm     .   (no cloak)
rCorr   .          Rampage  .   (no gloves)
Will    .....                   (boots unavailable)
Stlth   ++........              (no amulet)
HPRegen 0.05/turn               (no ring)
MPRegen 0.10/turn               (no ring)

@: no status effects
A: beak, talons 3
a: no special abilities


You were on level 1 of the Dungeon.
You visited 1 branch of the dungeon, and saw 1 of its levels.

You collected 43 gold pieces.

Inventory:

Hand Weapons
 c - a +0 dagger (weapon)
Armour
 a - a +0 robe (worn)
Scrolls
 d - a scroll of immolation {unknown}
 e - a scroll of fear {unknown}
 f - a scroll of acquirement {unknown}
 i - a scroll of identify {unknown}
Potions
 b - a potion of magic
 g - a potion of mutation {unknown}
 h - a potion of cancellation {unknown}
 j - a potion of curing {unknown}


   Skills:
 - Level 2.4 Dodging
 - Level 2.2 Stealth
 - Level 2.1 Spellcasting
 * Level 2.4 Conjurations
 - Level 4.2 Air Magic


You had 2 spell levels left.
You knew the following spells:

 Your Spells              Type           Power      Damage    Failure   Level
a - Shock                 Conj/Air       44%        1d5       5%          1
b - Static Discharge      Conj/Air       11%        3-5/arc   9%          2

Your spell library contained the following spells:

 Spells                   Type           Power      Damage    Failure   Level
 Blink                    Tloc           2%         N/A       32%         2
 Swiftness                Air            14%        N/A       12%         3
 Airstrike                Air            7%         0-3+      36%         4
 Manifold Assault         Tloc           1%         N/A       99%         5
 Storm Form               Tmut/Air       3%         N/A       100%        7


Dungeon Overview and Level Annotations

Branches:
Dungeon (1/15)

Altars:


Innate Abilities, Weirdness & Mutations

You have a beak for a mouth.
You have claws for feet.


Message History

The slug dart hits you. The dart slug launches a dart at you.
The slug dart hits you but does no damage.
Aiming: Shock (safe; 6% risk of failure)
Press: ? - help, Q - select action, (/) - cycle Shift-Dir - straight line The zap hits the kobold.
You kill the kobold!
Aiming: Shock (safe; 6% risk of failure)
Press: ? - help, Q - select action, (/) - cycle Shift-Dir - straight line The zap hits the dart slug.
The dart slug is heavily wounded.
The zap hits the dart slug.
The dart slug is severely wounded.
Aiming: Shock (safe; 6% risk of failure)
Press: ? - help, Q - select action, (/) - cycle Shift-Dir - straight line The zap hits the dart slug.
The dart slug is almost dead.
The zap hits the dart slug.
You kill the dart slug!
You see here a dart slug corpse.
Things that are here:
a +0 short sword; a kobold corpse HP restored.
Found a robe.
You see here a +0 robe.
Found a scroll labelled NUMAISMUREMM.
i - a scroll labelled NUMAISMUREMM You open the door.
Found a fizzy brown potion.
Found a faded altar of an unknown god.
There is an open door here.
j - a fizzy brown potion You enter the shallow water.
Moving in this stuff is going to be slow.
You open the door.
Found a dagger.
There is an open door here.
You see here a +0 dagger.
Welcome back, RevDB the Tengu Air Elementalist.
Press ? for a list of commands and other information.
Are you sure you want to abandon this character and quit the game? (Confirm with "yes".)

..............#.###_###.#
##........#####....≈....#
#......#.....#....≈....######
##........#..##..##≈##..#....#
..........##.##....≈....#....#
########...#..#####'#####....#
##..###....)....#.....#
#...##.##......#.....#
#########...#..@......#.....#
#.)...........##......#.....#
##†#######.....##......#.....#
.....# ##....#########.....#
.....# #.#..# ##......#
.....## ##..#..### #..##.###
##.)..###..##....### #.###.#
#..#.†...####.....# #.# #.#
##..##†.....##....# #.# #.#


There were no monsters in sight!

Vanquished Creatures
  2 dart slugs (D:1)
  A ball python (D:1)
  A giant cockroach (D:1)
  4 kobolds (D:1)
  4 bats (D:1)
  2 frilled lizards (D:1)
  3 rats (D:1)
17 creatures vanquished.

Notes
Turn   | Place    | Note
-------+----------+-------------------------------------------
     0 | D:1      | RevDB the Tengu Air Elementalist began the quest for the
                  | Orb.
     0 | D:1      | Reached XP level 1. HP: 10/10 MP: 4/4
   182 | D:1      | Reached XP level 2. HP: 15/15 MP: 0/6
   386 | D:1      | Learned a level 2 spell: Static Discharge
   555 | D:1      | Found a faded altar of an unknown god.
   576 | D:1      | Upgraded the game from 0.29-a0-857-g9b1aa3ac5b to
                  | 0.29-a0-870-g2c972031a6
   576 | D:1      | Quit the game

Illustrated notes

Levels and vault maps discovered:
D:1:      grunt_arrival_lava_bath, layout_rooms,
          shapermc_ecumenical_altar_notcrosses

Skill      XL: |  1  2 |
---------------+-------+-----
Conjurations   | 2 |  2.4
Dodging        | |  2.4
Stealth        | |  2.2
Spellcasting   | |  2.1
Air Magic      | |  4.2

Action                   || total
-------------------------++-------
Melee: Unarmed           ||     5
       Peck              ||     2
       Dagger            ||     2
       Kick              ||     1
 Cast: Shock             ||    31
Armor: Robe              ||     5
Dodge: Dodged            ||    13

Table legend: (Time is in decaauts)
 A = Elapsed time spent in this place.
 B = Non-inter-level travel time spent in this place.
 C = Inter-level travel time spent in this place.
 D = Time resting spent in this place.
 E = Time spent auto-exploring this place.
 F = Levels seen in this place.
 G = Mean time per level.
                   A        B        C        D        E       F      G
               +--------+--------+--------+--------+--------+-----+--------+
         Total |    577 |    577 |      0 |    141 |     21 |   1 |  577.0 |
       Dungeon |    577 |    577 |      0 |    141 |     21 |   1 |  577.0 |
               +--------+--------+--------+--------+--------+-----+--------+

Top non-repeatable levels by time:
     D:1: 577 daAuts
